[Event "*** Titled Tuesday Blitz"]
[Site "Chess.com"]
[Date "2020.05.12"]
[Round "1"]
[White "BelaKis"]
[Black "Megagigahiper3345"]
[Result "0-1"]
[WhiteElo "2083"]
[BlackElo "2497"]
[TimeControl "180+1"]
[EndTime "10:06:00 PDT"]
[Termination "Megagigahiper3345 won by resignation"]

1. d4 Nf6 2. c4 e6 3. Nc3 Bb4 4. e3 O-O 5. Nf3 Bxc3+ 6. bxc3 b6 7. Bd3 Bb7 8. O-O d6 9. Ne1 Nbd7 10. f3 c5 11. e4 Rc8 12. Nc2 Ba6 13. Qe2 Qc7 14.
Ne3 Nb8 15. d5 Rfe8 16. Qc2 Nbd7 17. f4 exd5 18. exd5 Nf8 19. Bd2 Rcd8 20. h3 Ng6 21. g3 Bc8 22. Kg2 Qd7 23. Bf5 Qc7 24. Bd3 Nh5 25.
Rae1 Re7 26. Nd1 Rde8 27. Rxe7 Rxe7 28. Re1 Rxe1 29. Bxe1 Qe7 30. Qe2 Ngxf4+ 0-1

[Event "*** Titled Tuesday Blitz"]
[Site "Chess.com"]
[Date "2020.05.12"]
[Round "1"]
[White "NastaJ"]
[Black "OhanyanEminChess"]
[Result "0-1"]
[WhiteElo "1980"]
[BlackElo "2479"]
[TimeControl "180+1"]
[EndTime "10:06:03 PDT"]
[Termination "OhanyanEminChess won by checkmate"]

1. e4 e5 2. Nf3 Nc6 3. Bb5 f5 4. Bxc6 dxc6 5. Nxe5 Bd6 6. d4 Nf6 7. O-O fxe4 8. Nc3 O-O 9. Bg5 Bf5 10. Ne2 h6 11. Bh4 Qe8 12. Bxf6 Rxf6 13. Nc4 Bh7 14.
Ng3 Qe6 15. Ne3 Raf8 16. c3 R6f7 17. Qe2 c5 18. d5 Qe5 19. c4 Bg6 20. Ng4 Qf4 21.
Ne3 h5 22. a3 h4 23. Nh5 Qxh2# 0-1

[Event "*** Titled Tuesday Blitz"]
[Site "Chess.com"]
[Date "2020.05.12"]
[Round "1"]
[White "MasterKroket"]
[Black "pouya21"]
[Result "1-0"]
[WhiteElo "2428"]
[BlackElo "2769"]
[TimeControl "180+1"]
[EndTime "10:06:04 PDT"]
[Termination "MasterKroket won by resignation"]

1. d4 f5 2. c4 Nf6 3. Nc3 g6 4. Nf3 Bg7 5. g3 d6 6. Bg2 O-O 7. O-O c6 8. d5 e5 9. dxe6 Bxe6 10. b3 Na6 11. Bb2 Qe7 12. Ng5 Bd7 13. Qc2 Rad8 14.
Rad1 Be8 15. e4 f4 16. gxf4 Nh5 17. Ne2 Bxb2 18. Qxb2 Nxf4 19. Nxf4 Rxf4 20. Nh3 Rh4 21. f3 Bd7 22. Nf2 Nc5 23. Rfe1 Rh5 24. Nd3 Rf8 25.
Nxc5 dxc5 26. Qd2 Bh3 27. Bxh3 Rxh3 28. f4 Rf3 29. Rf1 Qxe4 30. Rxf3 Qxf3 31. Rf1 Qxf4 32. Rxf4 1-0

[Event "*** Titled Tuesday Blitz"]
[Site "Chess.com"]
[Date "2020.05.12"]
[Round "1"]
[White "UmutErdemGunduz"]
[Black "Raja3401"]
[Result "0-1"]
[WhiteElo "2406"]
[BlackElo "2769"]
[TimeControl "180+1"]
[EndTime "10:06:04 PDT"]
[Termination "Raja3401 won by resignation"]

1. e4 c5 2. Nf3 d6 3. d4 cxd4 4. Nxd4 Nf6 5. f3 e5 6. Nb3 d5 7. Bg5 d4 8. Bb5+ Nc6 9. c3 h6 10. Bh4 Qb6 11. Bxc6+ bxc6 12. cxd4 Bb4+ 13. Nc3 Ba6 14.
a3 exd4 15. axb4 dxc3 16. Bf2 Qxb4 17. Rxa6 Rd8 18. Bd4 c2+ 19. Qd2 Qxb3 20. O-O c5 21.
Qc3 Qxc3 22. Bxc3 O-O 23. Rxa7 Rd1 24. Ra1 Rfd8 25. Rc1 Rxc1 26. Rxc1 Rd1+ 27. Kf2 Rxc1 0-1

[Event "*** Titled Tuesday Blitz"]
[Site "Chess.com"]
[Date "2020.05.12"]
[Round "1"]
[White "rakshi2005"]
[Black "murtas73"]
[Result "0-1"]
[WhiteElo "2289"]
[BlackElo "2607"]
[TimeControl "180+1"]
[EndTime "10:06:05 PDT"]
[Termination "murtas73 won by resignation"]

1. e4 e6 2. d4 d5 3. Nc3 Bb4 4.
exd5 exd5 5. Bd3 c6 6. Ne2 Nf6 7. O-O O-O 8. Bg5 Re8 9. Ng3 h6 10. Bf4 Nbd7 11. Nh5 Nxh5 12. Qxh5 Nf6 13. Qh4 Bf8 14. Be5 Nd7 15. Qxd8 Rxd8 16. Rfe1 Nxe5 17. dxe5 Be6 18. f4 g6 19. h3 h5 20. Ne2 c5 21. c3 h4 22. Kh2 b5 23. Rad1 Rab8 24.
g4 hxg3+ 25. Kxg3 b4 26. f5 gxf5 27. Rg1 Bg7 28. Kf4 Kf8 29. Ng3 bxc3 30. bxc3 Rb2 31. Kf3 Bxe5 32. Nxf5 c4 33. Rde1 Bxc3 34. Bb1 Bxe1 35.
Rxe1 Rxb1 36. Rxb1 Bxf5 37. Re1 0-1

[Event "*** Titled Tuesday Blitz"]
[Site "Chess.com"]
[Date "2020.05.12"]
[Round "1"]
[White "GregShahade"]
[Black "Enriquack"]
[Result "0-1"]
[WhiteElo "2561"]
[BlackElo "2261"]
[TimeControl "180+1"]
[EndTime "10:06:05 PDT"]
[Termination "Enriquack won by resignation"]

1. e4 c5 2. Nf3 e6 3. d4 cxd4 4.
Nxd4 Nc6 5. Nc3 Qc7 6. f4 Nxd4 7. Qxd4 b6 8. Be2 Bb7 9. Bf3 a6 10. Bd2 Ne7 11. O-O-O Nc6 12. Qf2 Bc5 13. Qg3 O-O 14.
Kb1 b5 15. e5 Nd4 16. Bxb7 Qxb7 17. Be3 Nf5 18. Bxc5 Nxg3 19. hxg3 Rfc8 20. Bd6 Qxg2 21. Rdg1 Qc6 22. Rh2 a5 23. Rgh1 h6 24. g4 b4 25.
Nd1 Qe4 26. Rf1 Ra6 27. g5 Rac6 28. Rff2 Qe1 29. Kc1 hxg5 30. fxg5 Rc4 31. Re2 Qg3 32. Reg2 Qf4+ 33. Kb1 a4 34. b3 axb3 35. axb3 Rd4 36. Nb2 Qf1+ 0-1

[Event "*** Titled Tuesday Blitz"]
[Site "Chess.com"]
[Date "2020.05.12"]
[Round "1"]
[White "spidernv"]
[Black "David_Paravyan"]
[Result "0-1"]
[WhiteElo "2452"]
[BlackElo "2908"]
[TimeControl "180+1"]
[EndTime "10:06:06 PDT"]
[Termination "David_Paravyan won by checkmate"]

1. e4 c6 2. d4 d6 3. c3 Nf6 4. Bd3 e5 5. Ne2 Be7 6. O-O O-O 7. f4 Nbd7 8. h3 Re8 9. Nd2 b5 10. Nf3 Bf8 11. Qc2 Bb7 12. fxe5 dxe5 13. Bg5 h6 14. Bxf6 Nxf6 15. Nxe5 Qb6 16. Kh1 c5 17. Qb1 Rad8 18. a4 a6 19. axb5 axb5 20. Qa2 c4 21. Bc2 Ra8 22.
Qb1 Rxa1 23. Qxa1 Nxe4 24. Bxe4 Bxe4 25. Rxf7 Rxe5 26. Rxf8+ Kxf8 27. dxe5 Qf2 28. Qg1 Qxe2 29. Qc5+ Kg8 30. Qg1 Bd5 31. Kh2 h5 32. Kg3 Qxe5+ 33.
Kh4 Qf4+ 34. g4 g5+ 35. Kxh5 Bf7+ 36. Kh6 Qf6# 0-1

[Event "*** Titled Tuesday Blitz"]
[Site "Chess.com"]
[Date "2020.05.12"]
[Round "1"]
[White "Matveev_Vladimir"]
[Black "PowerThinking2650"]
[Result "1/2-1/2"]
[WhiteElo "2577"]
[BlackElo "2272"]
[TimeControl "180+1"]
[EndTime "10:06:06 PDT"]
[Termination "Game drawn by repetition"]

1. d4 Nf6 2. c4 g6 3. Nc3 Bg7 4. e4 d6 5. Be2 O-O 6. Nf3 e5 7. O-O Nc6 8. d5 Ne7 9. b4 Nh5 10. Re1 a5 11. bxa5 f5 12. Nd2 Nf4 13. Bf1 fxe4 14. Ndxe4 Nf5 15. g3 Nd4 16. gxf4 Qh4 17. Bg2 Bg4 18. f3 Bxf3 19. Bxf3 Nxf3+ 20. Qxf3 Qxe1+ 21. Qf1 Qh4 22. Qf2 Qh5 23. Be3 exf4 24. Bd4 Qg4+ 25. Kh1 Bxd4 26. Qxd4 Qf3+ 27. Kg1 Qg4+ 28. Kh1 Qf3+ 29.
Kg1 Qg4+ 30. Kf2 Qh4+ 31. Kg2 Qg4+ 32. Kh1 1/2-1/2

[Event "*** Titled Tuesday Blitz"]
[Site "Chess.com"]
[Date "2020.05.12"]
[Round "1"]
[White "TokChess"]
[Black "lilleper1"]
[Result "1-0"]
[WhiteElo "2447"]
[BlackElo "2692"]
[TimeControl "180+1"]
[EndTime "10:06:07 PDT"]
[Termination "TokChess won by resignation"]

1. Nf3 c5 2. g3 Nc6 3. Bg2 g6 4. c4 Bg7 5. O-O d6 6. Nc3 e6 7. d3 Nge7 8. a3 O-O 9. Rb1 b6 10. Bd2 Bb7 11. b4 Qd7 12. Qc2 Rac8 13. bxc5 dxc5 14.
a4 Nf5 15. Rfc1 Nb4 16. Qd1 a5 17. Nb5 Rcd8 18. Bc3 Bxc3 19. Nxc3 f6 20. Qd2 e5 21. e4 Nd4 22. Nd5 Bxd5 23. cxd5 Nxf3+ 24. Bxf3 Qxa4 25. h4 Qd7 26. Qd1 Ra8 27. Bg4 Qb5 28. Be6+ Kg7 29. Rc4 Rfd8 30. Qd2 a4 31. Rbxb4 cxb4 32. Rc7+ Kh8 33.
Qh6 Rd7 34. Bxd7 Qc5 35. Rxc5 bxc5 36. Bxa4 1-0

[Event "*** Titled Tuesday Blitz"]
[Site "Chess.com"]
[Date "2020.05.12"]
[Round "1"]
[White "FeketeBarika"]
[Black "emperor87"]
[Result "0-1"]
[WhiteElo "2294"]
[BlackElo "2612"]
[TimeControl "180+1"]
[EndTime "10:06:07 PDT"]
[Termination "emperor87 won on time"]

1. Nf3 Nf6 2. g3 g6 3. Bg2 Bg7 4. O-O O-O 5. c4 d6 6. Nc3 Nc6 7. Rb1 e5 8. d3 Be6 9. b4 Qd7 10. b5 Nd8 11. Ng5 Bf5 12. e4 Be6 13. Nxe6 fxe6 14.
Be3 c5 15. a4 Nf7 16. Kh1 Kh8 17.
f4 Ng8 18. Ne2 exf4 19. gxf4 Rae8 20. Bh3 Qe7 21. Ng3 b6 22. Qd2 d5 23. cxd5 exd5 24. e5 Nd8 25. d4 Ne6 26. Bg2 Rd8 27. a5 Nh6 28. h3 Nf5 29. Nxf5 Rxf5 30. axb6 axb6 31.
Ra1 Qf7 32. Ra6 g5 33. Rxb6 gxf4 34. Bg1 f3 35. dxc5 fxg2+ 36. Qxg2 Rxf1 37. Rd6 Bxe5 0-1

[Event "*** Titled Tuesday Blitz"]
[Site "Chess.com"]
[Date "2020.05.12"]
[Round "1"]
[White "Tacticusbd"]
[Black "Sven_Tica"]
[Result "1-0"]
[WhiteElo "2364"]
[BlackElo "2659"]
[TimeControl "180+1"]
[EndTime "10:06:08 PDT"]
[Termination "Tacticusbd won by resignation"]

1. e4 c5 2. b3 Nf6 3. e5 Nd5 4. Bb2 Nc6 5. Nf3 Nc7 6. g3 Ne6 7. Bg2 g6 8. c3 Bg7 9. d4 cxd4 10. cxd4 Qa5+ 11. Bc3 Qd5 12. O-O Nc7 13. Ng5 Qb5 14. a4 Qb6 15. Na3 O-O 16. Nc4 Qa6 17. d5 Nd8 18. Qd2 Rb8 19. Rfc1 f6 20. d6 exd6 21.
exd6 Nce6 22. Nxe6 Nxe6 23. Ne3 b5 24. Nd5 bxa4 25.
Rxa4 Qb5 26. Rb4 Ba6 27. Rxb5 Bxb5 28. Ne7+ Kf7 29. Bd5 Rb6 30. Bb4 Rfb8 31. Bc5 Ra6 32. h4 h5 33. Re1 f5 34. Qg5 Bd3 35. Qxg6+ Kf8 36. Bxe6 dxe6 37. d7 Be4 38. Nc8+ 1-0

[Event "*** Titled Tuesday Blitz"]
[Site "Chess.com"]
[Date "2020.05.12"]
[Round "1"]
[White "JonahWillow"]
[Black "nicolochessit"]
[Result "1-0"]
[WhiteElo "2702"]
[BlackElo "2355"]
[TimeControl "180+1"]
[EndTime "10:06:09 PDT"]
[Termination "JonahWillow won by resignation"]

1. e4 e6 2. d4 d5 3. Nd2 Nc6 4. Ngf3 Nf6 5. e5 Nd7 6. Bd3 f6 7. Ng5 Ndxe5 8. dxe5 fxg5 9. Qh5+ Kd7 10. Nf3 Be7 11. Bxg5 h6 12. Bxe7 Qxe7 13. O-O Rf8 14.
c4 Nb4 15. Rfd1 Nxd3 16. Rxd3 c6 17. cxd5 cxd5 18. Nd4 b6 19. Rc1 Ba6 20. Rdc3 Rac8 21. Qg4 g5 22. Nxe6 Qxe6 23. Rc7+ Rxc7 24. Rxc7+ Kxc7 25. Qxe6 Rd8 26. Qe7+ Rd7 27. Qa3 Bb5 28. e6 Rd6 29.
Qxa7+ Kd8 30. e7+ Ke8 31. Qc7 Rd7 32. Qxb6 d4 33. Qxb5 d3 34. Kf1 d2 35. Qxd7+ Kxd7 36. Ke2 1-0

[Event "*** Titled Tuesday Blitz"]
[Site "Chess.com"]
[Date "2020.05.12"]
[Round "1"]
[White "hedgehog280"]
[Black "SHIVACalypso"]
[Result "1-0"]
[WhiteElo "2620"]
[BlackElo "2299"]
[TimeControl "180+1"]
[EndTime "10:06:10 PDT"]
[Termination "hedgehog280 won on time"]

1. d4 e6 2. Nf3 Nf6 3. c4 d5 4. Nc3 Be7 5. cxd5 exd5 6. Bf4 O-O 7. e3 Bf5 8. Bd3 Bxd3 9. Qxd3 c6 10. Rg1 Bd6 11.
Bxd6 Qxd6 12. Ne5 Nbd7 13. f4 c5 14. g4 cxd4 15. exd4 Rfe8 16. O-O-O Rac8 17. Kb1 Nb6 18. g5 Nfd7 19. Qf5 Nxe5 20. fxe5 Qe6 21. Qf3 Rc4 22.
h4 Rec8 23. h5 Qc6 24. g6 fxg6 25. hxg6 hxg6 26. Rdf1 Qd7 27. Rxg6 Rxc3 28. bxc3 Nc4 29. Ka1 Na3 30. Rfg1 Nc2+ 31. Kb2 Qb5+ 32. Kc1 Rc7 33. Qg4 1-0

[Event "*** Titled Tuesday Blitz"]
[Site "Chess.com"]
[Date "2020.05.12"]
[Round "1"]
[White "Nara_Kh"]
[Black "Fy_Rakotomaharo"]
[Result "0-1"]
[WhiteElo "2317"]
[BlackElo "2637"]
[TimeControl "180+1"]
[EndTime "10:06:11 PDT"]
[Termination "Fy_Rakotomaharo won by resignation"]

1. e4 c5 2. Nf3 d6 3. Bb5+ Nd7 4. O-O Nf6 5. Re1 a6 6. Bd3 b5 7. c3 Bb7 8. Bc2 c4 9. d4 cxd3 10. Qxd3 Nc5 11. Qe2 e6 12. a4 bxa4 13. Bxa4+ Nxa4 14. Rxa4 Be7 15. Rd4 Qc7 16. c4 e5 17. Rdd1 Nxe4 18.
Nbd2 Nxd2 19. Bxd2 O-O 20. Ng5 Rac8 21. b3 Rfe8 22.
Qh5 Bxg5 23. Bxg5 f6 24. Be3 Rcd8 25. Rd2 Qf7 26. Qxf7+ Kxf7 27. Red1 Ke6 28. Bb6 Rd7 29.
Bc5 Red8 30. Ba3 d5 31. cxd5+ Bxd5 32. f3 Bxb3 33. Rxd7 Rxd7 34. Rxd7 Kxd7 35. Kf2 g6 36. Ke3 f5 37. f4 e4 38. Kd4 Kc6 39.
g3 Kb5 40. Kc3 Bc4 41. Kd4 Ka4 42. Bc1 Kb3 43. Be3 a5 44. g4 a4 45. gxf5 gxf5 46.
Ke5 a3 47. Kxf5 a2 48. Bd4 e3 49. Kg4 e2 0-1

[Event "*** Titled Tuesday Blitz"]
[Site "Chess.com"]
[Date "2020.05.12"]
[Round "1"]
[White "HunterBRR"]
[Black "kingnb"]
[Result "0-1"]
[WhiteElo "2028"]
[BlackElo "2489"]
[TimeControl "180+1"]
[EndTime "10:06:12 PDT"]
[Termination "kingnb won on time"]

1. d4 d6 2. Nf3 Bg4 3. c4 Nd7 4.
e3 Ngf6 5. Nc3 e5 6. Be2 Be7 7. O-O O-O 8. dxe5 dxe5 9. b3 c6 10.
Bb2 Qc7 11. h3 Bh5 12. Qc2 Rad8 13. Rad1 Rfe8 14. Rd2 Nc5 15. Rfd1 Bg6 16. Qc1 Rxd2 17. Rxd2 Bf8 18. Nh4 Be4 19. b4 Ne6 20. a3 h6 21.
Nxe4 Nxe4 22. Rd1 a5 23. Nf3 N6g5 24. Nxg5 Nxg5 25. Qc3 Ne4 26. Qc2 Nf6 27. bxa5 Qxa5 28. Bf3 g6 29. Rd2 Bxa3 0-1

[Event "*** Titled Tuesday Blitz"]
[Site "Chess.com"]
[Date "2020.05.12"]
[Round "1"]
[White "CyberneticLion"]
[Black "Ave_Mariia"]
[Result "0-1"]
[WhiteElo "2551"]
[BlackElo "2249"]
[TimeControl "180+1"]
[EndTime "10:06:13 PDT"]
[Termination "Ave_Mariia won by resignation"]

1. e4 c5 2. c3 g6 3. d4 cxd4 4. cxd4 d5 5. exd5 Nf6 6. Nc3 Bg7 7. Bc4 O-O 8. Nge2 Nbd7 9. Bb3 Nb6 10. Nf4 a6 11.
O-O Bg4 12. f3 Bf5 13. Re1 Rc8 14. Qe2 Re8 15. g4 Bd7 16. a4 Qc7 17. g5 Nh5 18.
Nxh5 Bxd4+ 19. Be3 Bxe3+ 20. Qxe3 gxh5 21. Rac1 Qc5 22. Kf2 e6 23. dxe6 Bxe6 24. Bxe6 Rxe6 25. Qxc5 Rxc5 26. Ne4 Rxc1 27. Rxc1 Nxa4 28. Rc8+ Kg7 29. Nf6 Kg6 30. b3 Nb6 31. h4 Nxc8 0-1

[Event "*** Titled Tuesday Blitz"]
[Site "Chess.com"]
[Date "2020.05.12"]
[Round "1"]
[White "rpragchess"]
[Black "AlphalphaZero"]
[Result "1-0"]
[WhiteElo "2908"]
[BlackElo "2451"]
[TimeControl "180+1"]
[EndTime "10:06:14 PDT"]
[Termination "rpragchess won by resignation"]

1. Nf3 d5 2. g3 e6 3. Bg2 c5 4.
O-O Nf6 5. d3 Nc6 6. Nbd2 Be7 7.
e4 O-O 8. Re1 b5 9. e5 Nd7 10.
Nf1 Bb7 11. Bf4 a5 12. h4 a4 13. N1h2 a3 14. b3 Qc7 15. Ng4 Rfc8 16. h5 h6 17.
Qd2 Bf8 18. Bxh6 gxh6 19. Nxh6+ Bxh6 20. Qxh6 Qd8 21. Ng5 Nf8 22. Re3 Nd4 23. Bh3 Rc7 24. c3 Nc2 25. Rf3 Nxa1 26. Rf4 f5 27. exf6 Rh7 28.
Bxe6+ Kh8 29. Nf7+ 1-0

[Event "*** Titled Tuesday Blitz"]
[Site "Chess.com"]
[Date "2020.05.12"]
[Round "1"]
[White "stoleriu"]
[Black "tteshan"]
[Result "1-0"]
[WhiteElo "2555"]
[BlackElo "2221"]
[TimeControl "180+1"]
[EndTime "10:06:14 PDT"]
[Termination "stoleriu won by checkmate"]

1. e4 c5 2. Nf3 e6 3. b3 Nc6 4. Bb2 d5 5. exd5 exd5 6. d4 Nf6 7. Be2 Bd6 8. dxc5 Bxc5 9. O-O O-O 10. Nbd2 Bg4 11. h3 Be6 12. Ng5 Qd6 13. Bxf6 gxf6 14. Ngf3 Bb6 15. c3 Bc7 16. Re1 Kh8 17. Nf1 Rg8 18.
Kh1 Ne5 19. Qd4 Rg7 20. Qh4 Bd7 21. Ng3 Rag8 22. Rad1 Qb6 23. Nd4 Ng6 24. Qh5 Bxg3 25. fxg3 Ne5 26. g4 Rg5 27. Qh4 Qd6 28. Rf1 R5g6 29. Rf2 Nc6 30. Bd3 Rg5 31. Qxh7# 1-0

[Event "*** Titled Tuesday Blitz"]
[Site "Chess.com"]
[Date "2020.05.12"]
[Round "1"]
[White "Kislov_Oleg"]
[Black "Blitzstream"]
[Result "0-1"]
[WhiteElo "2340"]
[BlackElo "2659"]
[TimeControl "180+1"]
[EndTime "10:06:15 PDT"]
[Termination "Blitzstream won by resignation"]

1. e4 d5 2. exd5 Qxd5 3. Nc3 Qa5 4. d4 Nf6 5. Nf3 c6 6. Bc4 Bf5 7. Ne5 e6 8. Bd2 Qb6 9. O-O Qxd4 10. Re1 Nbd7 11. Nxd7 Qxd7 12. Qf3 Bg4 13. Qe3 Bd6 14. Rad1 Bxd1 15. Rxd1 Qc7 16. g3 O-O 17. Ne2 Rad8 18.
Bc3 Nd5 19. Bxd5 cxd5 20. Bxg7 Qxc2 21. Rd3 Qxd3 22. Qxd3 Kxg7 23. Qd4+ f6 24. Qg4+ Kf7 25. Qh5+ Ke7 26. Nd4 Be5 27. Nf3 Bxb2 28. Qxh7+ Rf7 29. Qb1 Be5 30. Qxb7+ Rd7 31. Qb4+ Bd6 32. Qb3 Be5 33.
h4 d4 34. Qe3 dxe3 0-1

[Event "*** Titled Tuesday Blitz"]
[Site "Chess.com"]
[Date "2020.05.12"]
[Round "1"]
[White "12teen"]
[Black "mc4chess"]
[Result "1-0"]
[WhiteElo "2775"]
[BlackElo "2411"]
[TimeControl "180+1"]
[EndTime "10:06:16 PDT"]
[Termination "12teen won on time"]

1. e4 c5 2. Nc3 e6 3. f4 a6 4. g3 b5 5. Bg2 Bb7 6. d3 d5 7. e5 h5 8. Nf3 h4 9. Nxh4 Rxh4 10.
gxh4 Qxh4+ 11. Kf1 Nh6 12. Qe1 Qd8 13. Ne2 Nc6 14. c3 Be7 15. Qf2 Nf5 16. Ng3 Nh4 17. d4 cxd4 18. cxd4 Qb6 19. Be3 Rc8 20. a3 Na5 21.
Nh5 g6 22. Nf6+ Bxf6 23. exf6 Nxg2 24. Kxg2 Nb3 25. Rad1 b4 26. axb4 Qxb4 27. Rhe1 a5 28. h4 Ba6 29. h5 gxh5 30. f5 Kd7 31. fxe6+ fxe6 32. f7 Qe7 33. Bh6 Rf8 34. Bxf8 Qxf8 35. Qf6 1-0

[Event "*** Titled Tuesday Blitz"]
[Site "Chess.com"]
[Date "2020.05.12"]
[Round "1"]
[White "checkmatequen"]
[Black "amaidel"]
[Result "0-1"]
[WhiteElo "2232"]
[BlackElo "2563"]
[TimeControl "180+1"]
[EndTime "10:06:16 PDT"]
[Termination "amaidel won on time"]

1. e4 e6 2. d4 d5 3. Nd2 Be7 4. Bd3 Nf6 5. e5 Nfd7 6. c3 c5 7. Ne2 Nc6 8. Nf3 O-O 9. O-O f6 10.
Nf4 Nb6 11. exf6 Rxf6 12. Re1 Qf8 13. Ng5 Rxf4 14. Nxh7 Qf7 15. Bxf4 Qxf4 16. Qh5 Bd7 17. Re3 e5 18. Rf3 Bg4 19. Nf6+ Bxf6 20. Qh7+ Kf8 21.
Rxf4 exf4 22. Re1 Ne7 23. Qh8+ Kf7 24. Qh7 cxd4 25. cxd4 Rc8 26. h3 Bd7 27. Be2 Bf5 28. Bh5+ Kf8 29. Qh8+ Ng8 30. Be8 g6 0-1

[Event "*** Titled Tuesday Blitz"]
[Site "Chess.com"]
[Date "2020.05.12"]
[Round "1"]
[White "joppie2"]
[Black "Rodchenkov_Vitalij"]
[Result "1-0"]
[WhiteElo "2868"]
[BlackElo "2441"]
[TimeControl "180+1"]
[EndTime "10:06:17 PDT"]
[Termination "joppie2 won by resignation"]

1. e4 e6 2. d4 d5 3. Nc3 Nf6 4. e5 Nfd7 5. f4 c5 6. Nf3 Nc6 7. Be3 Be7 8. Qd2 O-O 9. h4 b6 10. Bd3 f6 11. O-O-O Bb7 12. Qe2 cxd4 13. Bxh7+ Kxh7 14. Ng5+ Kg8 15. Qh5 fxg5 16. hxg5 Ncxe5 17. fxe5 Nxe5 18.
g6 Nxg6 19. Qxg6 dxe3 20. Rh7 Rf7 21. Rdh1 Bh4 22. R1xh4 Qxh4 23. Rxh4 Rf6 24. Qh7+ Kf7 25. Rh1 d4 26. Nb5 Bxg2 27. Rg1 e2 28. Qh5+ Ke7 29.
Qxe2 Bc6 30. Nxd4 Bd5 31. Rxg7+ 1-0

[Event "*** Titled Tuesday Blitz"]
[Site "Chess.com"]
[Date "2020.05.12"]
[Round "1"]
[White "ulkaf961"]
[Black "Unknown_IM"]
[Result "0-1"]
[WhiteElo "2171"]
[BlackElo "2524"]
[TimeControl "180+1"]
[EndTime "10:06:17 PDT"]
[Termination "Unknown_IM won by resignation"]

1. e4 e5 2. Nf3 Nc6 3. Bb5 a6 4. Ba4 Nge7 5. c3 g6 6. d4 exd4 7. cxd4 b5 8. Bb3 Bg7 9. d5 Na5 10. Bd2 Nxb3 11. Qxb3 c5 12. Bc3 O-O 13. O-O d6 14. a4 Bd7 15. Bxg7 Kxg7 16. Qc3+ Kg8 17. Nbd2 f5 18. Rfe1 fxe4 19. Nxe4 Nxd5 20. Qb3 c4 21. Qd1 Bc6 22. Nd4 Qd7 23. axb5 axb5 24. Nxc6 Qxc6 25. Rxa8 Qxa8 26. Nxd6 Nf4 27. Qg4 Qd5 28. Nc8 Qd4 29. Ne7+ Kg7 30. Rd1 Qe4 31. Qg5 h6 32. Nf5+ Qxf5 0-1

[Event "*** Titled Tuesday Blitz"]
[Site "Chess.com"]
[Date "2020.05.12"]
[Round "1"]
[White "kismet6"]
[Black "Munkhzul_Turmunkh"]
[Result "1/2-1/2"]
[WhiteElo "1916"]
[BlackElo "2466"]
[TimeControl "180+1"]
[EndTime "10:06:17 PDT"]
[Termination "Game drawn - insufficient material"]

1. e4 c5 2. Nf3 d6 3. d4 cxd4 4.
Qxd4 Nc6 5. Bb5 Bd7 6. Bxc6 Bxc6 7. Nc3 Nf6 8. Bg5 e6 9. O-O-O Be7 10. Rhe1 a6 11. e5 dxe5 12. Qxe5 Qc8 13. Bxf6 Bxf6 14. Qe3 O-O 15. g4 Qc7 16. Ne5 Rad8 17. f4 Bxe5 18.
Qxe5 Qxe5 19. Rxe5 Rxd1+ 20. Nxd1 Rd8 21. Ne3 Kf8 22. f5 exf5 23. Nxf5 Bf3 24. Ne3 f6 25. Rf5 Bc6 26. c3 Kf7 27. h4 Rd3 28. Nc4 Ke6 29.
Rf4 b5 30. Na5 Bd5 31. Kc2 Re3 32. Kd2 Rh3 33. h5 Rh2+ 34. Kc1 g6 35. hxg6 hxg6 36. a4 g5 37. Rd4 Re2 38. axb5 axb5 39. b3 Re4 40.
Rxe4+ Bxe4 41. c4 bxc4 42. Nxc4 Bf3 43. Ne3 Ke5 44. Kd2 Kf4 45. b4 Bc6 46. Kd3 Bb5+ 47. Kd4 Be2 48. Nd5+ Kxg4 49. Nxf6+ Kf5 50. Ne4 Kf4 51.
Nxg5 Kxg5 52. Kc5 Kf5 53. b5 Bxb5 1/2-1/2

[Event "*** Titled Tuesday Blitz"]
[Site "Chess.com"]
[Date "2020.05.12"]
[Round "1"]
[White "peixe64"]
[Black "cukus"]
[Result "1-0"]
[WhiteElo "2179"]
[BlackElo "2502"]
[TimeControl "180+1"]
[EndTime "10:06:18 PDT"]
[Termination "peixe64 won by checkmate"]

1. d4 Nf6 2. c4 g6 3. Nc3 d5 4.
cxd5 Nxd5 5. e4 Nxc3 6. bxc3 Bg7 7. Bc4 c5 8. Ne2 O-O 9. O-O Nc6 10. Be3 Qc7 11.
Qd2 b6 12. Rac1 Bb7 13. Bh6 e6 14. Bxg7 Kxg7 15. Qe3 Rad8 16. f4 f5 17. Bxe6 fxe4 18. d5 Ne7 19. c4 Bc8 20. Qc3+ Kh6 21. g4 g5 22. fxg5+ Kxg5 23. Qg7+ Ng6 24. h4+ Kxh4 25. Qh6# 1-0

[Event "*** Titled Tuesday Blitz"]
[Site "Chess.com"]
[Date "2020.05.12"]
[Round "1"]
[White "Parkas"]
[Black "temus_galaktionov"]
[Result "0-1"]
[WhiteElo "2399"]
[BlackElo "2755"]
[TimeControl "180+1"]
[EndTime "10:06:21 PDT"]
[Termination "temus_galaktionov won on time"]

1. e4 c6 2. d4 g6 3. c4 Bg7 4. Nc3 d6 5. Be3 Nd7 6. Qd2 e5 7. Nge2 Ne7 8. h4 f5 9. Bh6 Bf6 10. h5 f4 11. g4 g5 12. d5 c5 13. Ng1 Ng8 14. Bxg5 Bxg5 15. Nf3 Be7 16. h6 Nf8 17. Bh3 Nxh6 18. g5 Bxh3 19. Rxh3 Nf7 20. O-O-O Nxg5 21. Nxg5 Bxg5 22. Qc2 Qd7 23. Rdh1 h6 24. Nb5 a6 25.
Nc3 Ng6 26. Kb1 Kf7 27. Qe2 Kf6 28. Qh5 b5 29. Nd1 bxc4 30. Rc3 Rab8 31. Rxc4 Rb4 32. Rc2 Rxe4 33. Qf3 Rd4 34. Nc3 Qf5 35. Re1 Nh4 36.
Qe2 Qc8 37. Ne4+ Ke7 38. f3 Nf5 39. Qh2 Ne3 40. Rce2 Rxd5 41. Qh5 Qf5 0-1

[Event "*** Titled Tuesday Blitz"]
[Site "Chess.com"]
[Date "2020.05.12"]
[Round "1"]
[White "1Przemyslaw1"]
[Black "KaterynaLagno"]
[Result "0-1"]
[WhiteElo "2354"]
[BlackElo "2698"]
[TimeControl "180+1"]
[EndTime "10:06:22 PDT"]
[Termination "KaterynaLagno won on time"]

1. d4 Nf6 2. Nf3 g6 3. c4 Bg7 4.
Nc3 d5 5. e3 O-O 6. Be2 c5 7.
dxc5 dxc4 8. O-O Nbd7 9. Bxc4 Nxc5 10. Qe2 a6 11. Rd1 Qc7 12. a3 b5 13. Ba2 Bb7 14. Bd2 Nfe4 15. Nxe4 Nxe4 16. Rac1 Qb6 17.
Bb4 Rfe8 18. Rc2 a5 19. Be1 Nd6 20. Rdc1 b4 21. axb4 axb4 22. Bb3 Rac8 23. Qd2 Bxf3 24. gxf3 Rxc2 25. Rxc2 Rb8 26. Qd5 h5 27. Kg2 e6 28.
Qd3 Nf5 29. e4 Nd4 30. Rc4 Nxb3 31. Qxb3 Qb5 32. Rxb4 Qg5+ 33. Kf1 Rxb4 34. Qxb4 Qc1 0-1

[Event "*** Titled Tuesday Blitz"]
[Site "Chess.com"]
[Date "2020.05.12"]
[Round "1"]
[White "Dixit_Nikhil"]
[Black "CraiggoryC"]
[Result "1-0"]
[WhiteElo "2505"]
[BlackElo "2104"]
[TimeControl "180+1"]
[EndTime "10:06:22 PDT"]
[Termination "Dixit_Nikhil won by resignation"]

1. e4 e6 2. Nf3 d5 3. Nc3 Nf6 4. e5 Nfd7 5. d4 c5 6. dxc5 Nc6 7. Bf4 Bxc5 8. Bd3 f6 9. exf6 Nxf6 10. O-O O-O 11. Bg3 Bd7 12. Qe2 a6 13. Ne5 Nxe5 14.
Bxe5 b5 15. a3 Qb6 16. b4 Bd4 17. a4 Rac8 18. Ra3 bxa4 19. Bxd4 Qxd4 20. Nxa4 Qxb4 21. Rfa1 Bb5 22. Qxe6+ Kh8 23. Qe1 Qxe1+ 24. Rxe1 Bxd3 25. cxd3 Rfe8 26. Rxe8+ Nxe8 27. Kf1 Kg8 28. Rc3 Rxc3 29. Nxc3 Nc7 30. d4 Kf7 31. Ke2 Ke6 32. Kd3 Nb5 33. Nxb5 axb5 34. Kc3 Kf5 35. Kd3 g5 36. f3 h5 37. g3 g4 38. f4 b4 39. Ke3 b3 40.
Kd3 b2 41. Kc2 Ke4 42. Kxb2 Kxd4 43. Kc2 Ke3 44. Kd1 h4 45. f5 h3 46. f6 Kf3 47.
f7 Kg2 48. f8=Q Kxh2 49. Qf4 Kg2 50. Qxg4 h2 51. Qh4 h1=Q+ 52. Qxh1+ Kxh1 53. g4 1-0